TOP OF THE 1ST |
Boston Rebels batting - Pitching for Houston Marshals : RHP Daniel Grant
|
Pitching: RHP Daniel Grant
|
|
Batting: RHB Roberto Chávez
|
0-0: Swinging Strike 0-1: Foul Ball, location: 2F 0-2: Ball 1-2: Fly out, F9 (Line Drive, 89M)
|
Batting: LHB Bill Wilson
|
0-0: Called Strike 0-1: Ball 1-1: Ground out 3-1 (Groundball, 34)
|
Batting: LHB Miguel Rivería
|
0-0: Ball 1-0: Called Strike 1-1: Swinging Strike 1-2: Fly out, F3 (Line Drive, 3)
|
Top of the 1st over - 0 run(s), 0 hit(s), 0 error(s), 0 left on base; Boston 0 - Houston 0 |
BOTTOM OF THE 1ST |
Houston Marshals batting - Pitching for Boston Rebels : RHP José Crus
|
Pitching: RHP José Crus
|
|
Batting: LHB John Peterson
|
0-0: Ball 1-0: Ball 2-0: Called Strike 2-1: Ball 3-1: Base on Balls
|
Batting: RHB Alberto Velásquez
|
0-0: Called Strike 0-1: Foul Ball, location: 2F 0-2: Ground out 3-1 (Groundball, 34S) John Peterson to second
|
Batting: LHB Lewis Barr
|
0-0: Ball 1-0: Called Strike 1-1: Foul Ball, location: 2F 1-2: Ground out 5-3 (Groundball, 56S) John Peterson to third
|
Batting: LHB José Rodríguez
|
0-0: Called Strike 0-1: Ball 1-1: Ball 2-1: Ball 3-1: Foul Ball, location: 2F 3-2: Base on Balls
|
Batting: SHB Álex Rosado
|
0-0: Ball 1-0: SINGLE (Groundball, 34S) (infield hit) John Peterson scores José Rodríguez to second
|
Batting: LHB Matt Smith
|
0-0: Ball 1-0: Ball 2-0: Ball 3-0: Base on Balls José Rodríguez to third Álex Rosado to second
|
Batting: RHB Gustavo Díaz
|
0-0: Ball 1-0: Ball 2-0: Ground out 1-3 (Groundball, 13S)
|
Bottom of the 1st over - 1 run(s), 1 hit(s), 0 error(s), 3 left on base; Boston 0 - Houston 1 |
TOP OF THE 2ND |
Boston Rebels batting - Pitching for Houston Marshals : RHP Daniel Grant
|
Batting: RHB John Mendelson
|
0-0: Ball 1-0: DOUBLE (Line Drive, 78D)
|
Batting: LHB Felipe Guerrero
|
0-0: Called Strike 0-1: Ball 1-1: Foul Ball, location: 2F 1-2: 2-RUN HOME RUN (Flyball, 89XD), Distance : 407 ft
|
Batting: LHB Arturo Molina
|
0-0: Ball 1-0: Fly out, F7 (Flyball, 7S)
|
Batting: LHB Frank Jackson
|
0-0: Called Strike 0-1: Foul Ball, location: 2F 0-2: Ball 1-2: Ball 2-2: DOUBLE (Flyball, 7LM)
|
Batting: RHB Alberto Ramos
|
0-0: Ball 1-0: Swinging Strike 1-1: Ground out 3-1 (Groundball, 23) Frank Jackson to third
|
Batting: RHB Ángel Garza
|
0-0: Called Strike 0-1: TRIPLE (Flyball, 9LM) Frank Jackson scores
|
Batting: RHB Roberto Chávez
|
0-0: Ball Passed Ball! Ángel Garza scores 1-0: Foul Ball, location: 2F 1-1: Foul Ball, location: 2F 1-2: SINGLE (Groundball, 56D)
|
Batting: LHB Bill Wilson
|
0-0: Ball 1-0: TRIPLE (Line Drive, 9LS) Roberto Chávez scores
|
Batting: LHB Miguel Rivería
|
0-0: Ball 1-0: Swinging Strike 1-1: Ball 2-1: Swinging Strike 2-2: Strikes out swinging
|
Top of the 2nd over - 5 run(s), 6 hit(s), 0 error(s), 1 left on base; Boston 5 - Houston 1 |
BOTTOM OF THE 2ND |
Houston Marshals batting - Pitching for Boston Rebels : RHP José Crus
|
Batting: RHB Jim Tracy
|
0-0: Ball 1-0: Ball 2-0: Foul Ball, location: 2F 2-1: Foul Ball, location: 2F 2-2: Foul Ball, location: 2F 2-2: Reaches on Catchers interference
|
Batting: RHB Raúl Soto
|
0-0: Ball 1-0: Called Strike 1-1: Called Strike 1-2: Ball 2-2: Foul Ball, location: 2F 2-2: Foul Ball, location: 2F 2-2: Grounds into double play, 6-4-3 (Groundball, 6)
|
Batting: LHB John Peterson
|
0-0: Ball 1-0: Foul Ball, location: 2F 1-1: Called Strike 1-2: Ball 2-2: Fly out, F8 (Line Drive, 8RM)
|
Bottom of the 2nd over - 0 run(s), 0 hit(s), 1 error(s), 0 left on base; Boston 5 - Houston 1 |
TOP OF THE 3RD |
Boston Rebels batting - Pitching for Houston Marshals : RHP Daniel Grant
|
Batting: RHB John Mendelson
|
0-0: Foul Ball, location: 2F 0-1: Ball 1-1: Foul Ball, location: 2F 1-2: Ball 2-2: SINGLE (Groundball, 6MS) (infield hit)
|
Batting: LHB Felipe Guerrero
|
0-0: Called Strike 0-1: Foul Ball, location: 2F 0-2: Ball John Mendelson is caught stealing 2nd base 1-2: Ball 2-2: Ground out 3-1 (Groundball, 34S)
|
Batting: LHB Arturo Molina
|
0-0: Ball 1-0: Ball 2-0: Called Strike 2-1: Ball 3-1: Foul Ball, location: 2F 3-2: Ground out U3 (Groundball, 34)
|
Top of the 3rd over - 0 run(s), 1 hit(s), 0 error(s), 0 left on base; Boston 5 - Houston 1 |
BOTTOM OF THE 3RD |
Houston Marshals batting - Pitching for Boston Rebels : RHP José Crus
|
Batting: RHB Alberto Velásquez
|
0-0: SINGLE (Flyball, 7LS)
|
Batting: LHB Lewis Barr
|
0-0: Foul Ball, location: 2F 0-1: Ball 1-1: Foul Ball, location: 2F 1-2: Ball 2-2: Strikes out looking
|
Batting: LHB José Rodríguez
|
0-0: Called Strike Alberto Velásquez is caught stealing 2nd base 0-1: Called Strike 0-2: Ball 1-2: Strikes out swinging
|
Bottom of the 3rd over - 0 run(s), 1 hit(s), 0 error(s), 0 left on base; Boston 5 - Houston 1 |
TOP OF THE 4TH |
Boston Rebels batting - Pitching for Houston Marshals : RHP Daniel Grant
|
Batting: LHB Frank Jackson
|
0-0: Ball 1-0: Ball 2-0: Called Strike 2-1: Called Strike 2-2: Fly out, F6 (Popup, 6)
|
Batting: RHB Alberto Ramos
|
0-0: Ball 1-0: Called Strike 1-1: Called Strike 1-2: Ball 2-2: Ground out 6-3 (Groundball, 6)
|
Batting: RHB Ángel Garza
|
0-0: Ground out 6-3 (Groundball, 56)
|
Top of the 4th over - 0 run(s), 0 hit(s), 0 error(s), 0 left on base; Boston 5 - Houston 1 |
BOTTOM OF THE 4TH |
Houston Marshals batting - Pitching for Boston Rebels : RHP José Crus
|
Batting: SHB Álex Rosado
|
0-0: Ball 1-0: Ball 2-0: Foul Ball, location: 2F 2-1: SINGLE (Flyball, 4MD)
|
Batting: LHB Matt Smith
|
0-0: Grounds into double play, 6-4-3 (Groundball, 6)
|
Batting: RHB Gustavo Díaz
|
0-0: Ball 1-0: Swinging Strike 1-1: Ground out 4-3 (Groundball, 4)
|
Bottom of the 4th over - 0 run(s), 1 hit(s), 0 error(s), 0 left on base; Boston 5 - Houston 1 |
TOP OF THE 5TH |
Boston Rebels batting - Pitching for Houston Marshals : RHP Daniel Grant
|
Pitching: RHP Enrique Valdés
|
|
Batting: RHB Roberto Chávez
|
0-0: Ball 1-0: Foul Ball, location: 2F 1-1: Ground out 6-3 (Groundball, 56)
|
Batting: LHB Bill Wilson
|
0-0: SINGLE (Line Drive, 8LS)
|
Batting: LHB Miguel Rivería
|
0-0: Ball 1-0: Fly out, F9 (Flyball, 89M)
|
Batting: RHB John Mendelson
|
0-0: Called Strike Pickoff Throw to First - Error! E1 Bill Wilson to second 0-1: Ball 1-1: Ball Wild Pitch! Bill Wilson to third 2-1: Called Strike 2-2: DOUBLE (Line Drive, 7LD) Bill Wilson scores
|
Batting: LHB Felipe Guerrero
|
0-0: Ball 1-0: Swinging Strike 1-1: Fly out, F8 (Line Drive, 8LS)
|
Top of the 5th over - 1 run(s), 2 hit(s), 1 error(s), 1 left on base; Boston 6 - Houston 1 |
BOTTOM OF THE 5TH |
Houston Marshals batting - Pitching for Boston Rebels : RHP José Crus
|
Batting: RHB Jim Tracy
|
0-0: Ball 1-0: Called Strike 1-1: Fly out, F8 (Flyball, 8RM)
|
Batting: RHB Raúl Soto
|
0-0: Foul Ball, location: 2F 0-1: Foul Ball, location: 2F 0-2: Strikes out swinging
|
Batting: LHB John Peterson
|
0-0: Ball 1-0: Called Strike 1-1: Ball 2-1: Ball 3-1: Called Strike 3-2: Foul Ball, location: 2F 3-2: Fly out, F4 (Flyball, 34D)
|
Bottom of the 5th over - 0 run(s), 0 hit(s), 0 error(s), 0 left on base; Boston 6 - Houston 1 |
TOP OF THE 6TH |
Boston Rebels batting - Pitching for Houston Marshals : RHP Enrique Valdés
|
Batting: LHB Arturo Molina
|
0-0: Ball 1-0: Foul Ball, location: 2F 1-1: Ball 2-1: Swinging Strike 2-2: Ball 3-2: Foul Ball, location: 2F 3-2: Foul Ball, location: 2F 3-2: Foul Ball, location: 2F 3-2: Foul Ball, location: 2F 3-2: Base on Balls
|
Batting: LHB Frank Jackson
|
0-0: Ball 1-0: Called Strike 1-1: Ball 2-1: Called Strike 2-2: Ball 3-2: SINGLE (Groundball, 15S) (infield hit) Arturo Molina to second
|
Batting: RHB Alberto Ramos
|
0-0: Foul Ball, location: 2F 0-1: Ball 1-1: Ball 2-1: Ball 3-1: Called Strike 3-2: Base on Balls Arturo Molina to third Frank Jackson to second
|
Pitching: LHP Stanley Inman
|
|
Batting: RHB Ángel Garza
|
0-0: Called Strike 0-1: Fly out, F9 (Flyball, 9LM) Runner from 3rd tags up, OUT at HOME Frank Jackson to third Alberto Ramos to second
|
Batting: RHB Roberto Chávez
|
0-0: Called Strike 0-1: Ground out 5-3 (Groundball, 5)
|
Top of the 6th over - 0 run(s), 1 hit(s), 0 error(s), 2 left on base; Boston 6 - Houston 1 |
BOTTOM OF THE 6TH |
Houston Marshals batting - Pitching for Boston Rebels : RHP José Crus
|
Batting: RHB Alberto Velásquez
|
0-0: DOUBLE (Groundball, 5L)
|
Batting: LHB Lewis Barr
|
0-0: Called Strike 0-1: Foul Ball, location: 2F 0-2: Ball 1-2: Strikes out looking
|
Batting: LHB José Rodríguez
|
0-0: Ball 1-0: Ball 2-0: Ball 3-0: Base on Balls
|
Batting: SHB Álex Rosado
|
0-0: Ball 1-0: Ball 2-0: Called Strike 2-1: Foul Ball, location: 2F 2-2: Ground out 4-3 (Groundball, 34D) Alberto Velásquez to third José Rodríguez to second
|
Batting: LHB Matt Smith
|
0-0: Ball 1-0: Fly out, F9 (Flyball, 89XD)
|
Bottom of the 6th over - 0 run(s), 1 hit(s), 0 error(s), 2 left on base; Boston 6 - Houston 1 |
TOP OF THE 7TH |
Boston Rebels batting - Pitching for Houston Marshals : LHP Stanley Inman
|
Batting: LHB Bill Wilson
|
0-0: Foul Ball, location: 2F 0-1: Ball 1-1: DOUBLE (Line Drive, 7LM)
|
Pinch Runner at 2nd Pedro Rodríguez:
|
|
Batting: LHB Miguel Rivería
|
0-0: Ball 1-0: DOUBLE (Groundball, 5L) Pedro Rodríguez scores
|
Batting: RHB John Mendelson
|
0-0: Ball 1-0: Swinging Strike 1-1: Foul Ball, location: 2F 1-2: Strikes out swinging
|
Batting: LHB Felipe Guerrero
|
0-0: Ball 1-0: Called Strike 1-1: Ball 2-1: Fly out, F4 (Line Drive, 4M)
|
Batting: LHB Arturo Molina
|
0-0: SINGLE (Groundball, 3D) Miguel Rivería to third Runner from 3rd tries for Home, SAFE, no throw
|
Pitching: RHP Jim Daniel
|
|
Batting: LHB Frank Jackson
|
0-0: Foul Ball, location: 2F 0-1: Fly out, F7 (Flyball, 7D)
|
Top of the 7th over - 2 run(s), 3 hit(s), 0 error(s), 1 left on base; Boston 8 - Houston 1 |
BOTTOM OF THE 7TH |
Houston Marshals batting - Pitching for Boston Rebels : RHP José Crus
|
Now in LF: Pedro Rodríguez
|
|
Batting: RHB Gustavo Díaz
|
0-0: Ground out 6-3 (Groundball, 6)
|
Batting: RHB Jim Tracy
|
0-0: Foul Ball, location: 2F 0-1: Ball 1-1: Swinging Strike 1-2: Ball 2-2: Foul Ball, location: 2F 2-2: Foul Ball, location: 2F 2-2: Ground out 4-3 (Groundball, 4)
|
Batting: RHB Raúl Soto
|
0-0: SINGLE (Groundball, 56D)
|
Batting: LHB John Peterson
|
0-0: Ground out 6-3 (Groundball, 6MS)
|
Bottom of the 7th over - 0 run(s), 1 hit(s), 0 error(s), 1 left on base; Boston 8 - Houston 1 |
TOP OF THE 8TH |
Boston Rebels batting - Pitching for Houston Marshals : RHP Jim Daniel
|
Batting: RHB Alberto Ramos
|
0-0: Ball 1-0: Fly out, F8 (Flyball, 8RS)
|
Batting: RHB Ángel Garza
|
0-0: Called Strike 0-1: Swinging Strike 0-2: Strikes out looking
|
Batting: RHB Roberto Chávez
|
0-0: Called Strike 0-1: Foul Ball, location: 2F 0-2: Strikes out swinging
|
Top of the 8th over - 0 run(s), 0 hit(s), 0 error(s), 0 left on base; Boston 8 - Houston 1 |
BOTTOM OF THE 8TH |
Houston Marshals batting - Pitching for Boston Rebels : RHP José Crus
|
Pitching: LHP Yoshihiro Hasegawa
|
|
Batting: RHB Alberto Velásquez
|
0-0: Called Strike 0-1: Foul Ball, location: 2F 0-2: Strikes out swinging
|
Batting: LHB Lewis Barr
|
0-0: Called Strike 0-1: Swinging Strike 0-2: Strikes out swinging
|
Batting: LHB José Rodríguez
|
0-0: Ball 1-0: Called Strike 1-1: Swinging Strike 1-2: Foul Ball, location: 2F 1-2: Ball 2-2: Strikes out looking
|
Bottom of the 8th over - 0 run(s), 0 hit(s), 0 error(s), 0 left on base; Boston 8 - Houston 1 |
TOP OF THE 9TH |
Boston Rebels batting - Pitching for Houston Marshals : RHP Jim Daniel
|
Batting: RHB Pedro Rodríguez
|
0-0: Foul Ball, location: 2F 0-1: Ball 1-1: Swinging Strike 1-2: Ball 2-2: Ball 3-2: Base on Balls
|
Batting: LHB Miguel Rivería
|
0-0: Foul Ball, location: 2F 0-1: Ball 1-1: Foul Ball, location: 2F 1-2: Foul Ball, location: 2F 1-2: Foul Ball, location: 2F 1-2: Ball 2-2: Ball 3-2: DOUBLE (Groundball, 3L) Pedro Rodríguez to third
|
Batting: RHB John Mendelson
|
0-0: Ball 1-0: Called Strike 1-1: Ball 2-1: Foul Ball, location: 2F 2-2: Foul Ball, location: 2F 2-2: Ground out 6-3 (Groundball, 56) Pedro Rodríguez scores
|
Batting: LHB Felipe Guerrero
|
0-0: Ball 1-0: Foul Ball, location: 2F 1-1: Ball 2-1: Called Strike 2-2: Foul Ball, location: 2F 2-2: Ball 3-2: Strikes out looking
|
Batting: LHB Arturo Molina
|
0-0: Ball 1-0: Ball 2-0: Called Strike 2-1: SINGLE (Groundball, 4MD) Miguel Rivería to third Runner from 3rd tries for Home, SAFE, no throw
|
Pitching: RHP Álex Rodríguez
|
|
Batting: LHB Frank Jackson
|
0-0: Ball 1-0: Fly out, F5 (Popup, 56)
|
Top of the 9th over - 2 run(s), 2 hit(s), 0 error(s), 1 left on base; Boston 10 - Houston 1 |
BOTTOM OF THE 9TH |
Houston Marshals batting - Pitching for Boston Rebels : LHP Yoshihiro Hasegawa
|
Batting: SHB Álex Rosado
|
0-0: Ball 1-0: DOUBLE (Line Drive, 78D)
|
Batting: LHB Matt Smith
|
0-0: Foul Ball, location: 2F 0-1: Foul Ball, location: 2F 0-2: Ball 1-2: Ball 2-2: Fly out, F7 (Flyball, 78M)
|
Batting: RHB Gustavo Díaz
|
0-0: Fly out, F8 (Flyball, 89D) Runner from 2nd tags up, SAFE at 3rd, no throw
|
Batting: RHB Jim Tracy
|
0-0: Foul Ball, location: 2F 0-1: Ball 1-1: Swinging Strike 1-2: Foul Ball, location: 2F 1-2: Ground out 5-3 (Groundball, 56S)
|
Bottom of the 9th over - 0 run(s), 1 hit(s), 0 error(s), 1 left on base; Boston 10 - Houston 1 |
|